 Dungeon Crawl Stone Soup version 0.14-a0-1739-g6c2808e (webtiles) character file.

192 Kae the Insei (level 4, -2/35 HPs)
             Began as a Draconian Transmuter on Jan 3, 2014.
             Slain by an orc
             ... wielding a +0,+1 orcish hand axe
              (5 damage)
             ... on Level 3 of the Dungeon.
             The game lasted 00:03:35 (2282 turns).

Kae the Insei (Draconian Transmuter)                Turns: 2282, Time: 00:03:35

HP  -2/35        AC  5     Str 12      XL: 4   Next: 63%
MP   6/7         EV 12     Int 14      God:
Gold 80          SH  0     Dex 12      Spells:  2 memorised,  4 levels left

rFire  x . .     SeeInvis .       - Unarmed
rCold  + . .     Clarity  .     (armour unavailable)
rNeg   . . .     Conserve .     (no shield)
rPois  .         rCorr    .     (helmet restricted)
rElec  .         rRot     .     (no cloak)
SustAb . .       Spirit   .     (no gloves)
rMut   .         Warding  .     (no boots)
Saprov . . .     Stasis   .     (no amulet)
                                v - ring of ice
                                j - ring of wizardry

@: appendage, somewhat resistant to hostile enchantments, unstealthy
A: unfitting armour, horns 2, magic resistance 1, AC +5
a: End Transformation


You were on level 3 of the Dungeon.
You were hungry.
You had grown temporary horns.
You visited 1 branch of the dungeon, and saw 4 of its levels.

You collected 80 gold pieces.

Inventory:

Missiles
 b - 65 arrows
Magical devices
 k - a wand of digging (6) {unknown}
 n - a wand of magic darts (0)
Comestibles
 a - 3 bread rations
 c - an apricot
 o - 13 strawberries
Scrolls
 f - 5 scrolls of identify {unknown}
 h - a scroll of enchant weapon I {unknown}
 i - 2 scrolls of teleportation {unknown}
 l - a scroll of remove curse {unknown}
 m - a scroll of amnesia {unknown}
 r - a scroll of immolation {unknown}
 t - a scroll of fog {unknown}
 w - a scroll of enchant weapon II {unknown}
Jewellery
 e - an uncursed amulet of stasis {unknown}
 g - an uncursed amulet of resist mutation {unknown}
 j - a ring of wizardry (left hand)
 v - a ring of ice (right hand)
Potions
 p - a potion of blood
 q - 2 potions of curing
 s - a potion of flight {unknown}
 x - a potion of restore abilities {unknown}
Books
 d - a book of Changes

   Spells                             Type                      Level
   *Beastly Appendage                 Transmutation                1
   *Sticks to Snakes                  Transmutation                2
   Spider Form                        Transmutation/Poison         3
   Ice Form                           Ice/Transmutation            4
   Blade Hands                        Transmutation                5


   Skills:
 - Level 1.1 Fighting
 - Level 1.7 Dodging
 * Level 4.6 Unarmed Combat
 - Level 2.0 Spellcasting
 + Level 3.4 Transmutations


You had 4 spell levels left.
You knew the following spells:

 Your Spells              Type           Power        Failure   Level  Hunger
a - Beastly Appendage     Trmt           ##....       3%          1    ##.....
b - Sticks to Snakes      Trmt           ##........   4%          2    ###....


Dungeon Overview and Level Annotations

Branches:
Dungeon (4/16)
 Temple: D:4-7

Altars:
Ashenzari
Okawaru

Annotations:
D:2 Sigmund
D:4 Prince Ribbit


Innate Abilities, Weirdness & Mutations

Your plain brown scales are hard (AC +5).
Your body does not fit into most forms of armour.
Your cold-blooded metabolism reacts poorly to cold.
You have a pair of horns on your head.
You are resistant to hostile enchantments.


Message History

You hit the orc but do no damage. You headbutt the orc, but do no damage.
The orc is moderately wounded.
The orc closely misses you.
Drink which item? (? for menu, Esc to quit)
You feel better. The orc closely misses you.
The orc hits you with an orcish mace.
* * * LOW HITPOINT WARNING * * *
You closely miss the orc.
The orc is moderately wounded.
The orc hits you but does no damage.
You hit the orc.
The orc is heavily wounded.
The orc misses you.
The orc hits you with an orcish hand axe.
* * * LOW HITPOINT WARNING * * *
Drink which item? (? for menu, Esc to quit)
You feel better. The orc hits you with an orcish mace!
* * * LOW HITPOINT WARNING * * *
The orc hits you with an orcish hand axe.
You die...

#.# #.############
#.###[.###### #
#...........# #
#...........# #
#...........# #
#...........# #
#...........# #
#o..........######
#@o...............
##..........######
#..........# #
#..........# #
############ # #


You could see 2 orcs.

Vanquished Creatures
  Ijyb (D:2)
  Terence (D:2)
  3 adders (D:3)
  A giant mite (D:3)
  A giant gecko (D:4)
  2 orcs (D:4)
  2 giant cockroaches
  4 goblins
  9 hobgoblins
  6 kobolds
  7 bats
  2 giant newts
  2 jackals (D:2)
  8 rats
49 creatures vanquished.

Notes
Turn   | Place    | Note
--------------------------------------------------------------
     0 | D:1      | Kae, the Draconian Transmuter, began the quest for the Orb.
     0 | D:1      | Reached XP level 1. HP: 16/16 MP: 3/3
   165 | D:1      | Reached XP level 2. HP: 20/23 MP: 4/4
   220 | D:1      | Found a shattered altar of Ashenzari.
   666 | D:2      | Learned a level 2 spell: Sticks to Snakes
   718 | D:2      | Noticed Sigmund
   758 | D:2      | Noticed Ijyb
   774 | D:2      | Gained mutation: You have a pair of large horns on your head. [potion of mutation]
   774 | D:2      | Gained mutation: You are resistant to hostile enchantments. [potion of mutation]
   796 | D:2      | HP: 1/23 [Ijyb/dagger (2)]
   797 | D:2      | Killed Ijyb
   797 | D:2      | Reached XP level 3. HP: 1/28 MP: 4/6
  1497 | D:2      | Noticed Terence
  1527 | D:2      | Killed Terence
  1527 | D:2      | Reached skill level 4 in Unarmed Combat
  1960 | D:3      | Reached XP level 4. HP: 35/35 MP: 5/7
  2039 | D:3      | Found an iron altar of Okawaru.
  2257 | D:4      | Noticed Prince Ribbit
  2282 | D:3      | Slain by an orc

Action                   |  1- 3 |  4- 6 || total
-------------------------+-------+-------++-------
Melee: Unarmed           |   145 |    67 ||   212
 Cast: Beastly Appendage |    12 |     8 ||    20
  Use: Potion            |     3 |     2 ||     5
 Stab: Sleeping          |     1 |     1 ||     2
